 Dungeon Crawl Stone Soup version 0.23.1 (webtiles) character file.

Game seed: 15540664740364484460

9 Lusmu the Grave Robber (level 2, 0/11 HPs)
             Began as a Felid Necromancer on Mar 14, 2019.
             Slain by a bat (1 damage)
             ... on level 1 of the Dungeon.
             The game lasted 00:02:01 (404 turns).

Lusmu the Grave Robber (Felid Necromancer)           Turns: 404, Time: 00:02:02

Health: 0/11       AC:  1    Str:  4    XL:     2   Next: 3%
Magic:  4/6        EV: 18    Int: 16    God:
Gold:   20         SH:  0    Dex: 16    Spells: 3/5 levels left
                                        Lives:  0   Deaths: 0

rFire    . . .     SeeInvis +   (weapon unavailable)
rCold    . . .     Gourm    .   (shield unavailable)
rNeg     . . .     Faith    .   (armour unavailable)
rPois    .         Spirit   .   (helmet unavailable)
rElec    .         Reflect  .   (cloak unavailable)
rCorr    .         Harm     .   (gloves unavailable)
MR       .....                  (boots unavailable)
Stlth    +++.......             (no amulet)
HPRegen  0.03/turn              (no ring)
MPRegen  0.10/turn              (no ring)

@: quick
A: very small, no armour, no weapons or thrown items, stealth, claws 1, fangs 3,
see invisible, carnivore, speed 1, shaggy fur 1, slow metabolism 1, sharp paws
a: no special abilities


You were on level 1 of the Dungeon.
You were full.

You visited 1 branch of the dungeon, and saw 1 of its levels.

You collected 20 gold pieces.

Inventory:

Scrolls
 a - a scroll of immolation {unknown}
 c - a scroll of magic mapping {unknown}
 d - a scroll of fog {unknown}
 e - a scroll of fear {unknown}
Comestibles
 b - a ration


   Skills:
 + Level 0.3 Fighting
 - Level 2.8 Dodging
 + Level 3.0 Stealth
 + Level 0.3 Unarmed Combat
 - Level 2.0 Spellcasting
 + Level 4.1 Necromancy


You had 3 spell levels left.
You knew the following spells:

 Your Spells              Type           Power        Failure   Level  Hunger
a - Pain                  Necr           ##..         3%          1    #......
b - Animate Skeleton      Necr           N/A          3%          1    #......

Your spell library contained the following spells:

 Spells                   Type           Power        Failure   Level  Hunger
 Vampiric Draining        Necr           ##........   11%         3    ###....
 Regeneration             Chrm/Necr      #.........   26%         3    ###....
 Animate Dead             Necr           N/A          36%         4    #####..


Dungeon Overview and Level Annotations

Branches:
Dungeon (1/15)

Altars:


Innate Abilities, Weirdness & Mutations

You cannot wear armour.
You are incapable of wielding weapons or throwing items.
Your paws allow you to move quietly. (Stealth)
You have sharp claws.
You have razor-sharp teeth.
You have supernaturally acute eyesight. (SInv)
You are carnivorous and can eat meat at any time.
You cover ground quickly.
You are covered in fur. (AC +1)
You have a slow metabolism.
Your sharp claws are effective at attacking unaware monsters.


Message History

Your hobgoblin skeleton hits the dart slug.
The hobgoblin hits your kobold skeleton with a +0 club.
Your kobold skeleton is destroyed!
Your hobgoblin skeleton barely misses the dart slug.
The dart slug launches a dart at you.
The slug dart hits your hobgoblin skeleton.
The bat barely misses your hobgoblin skeleton.
The bat hits your hobgoblin skeleton.
Your hobgoblin skeleton is destroyed!
The bat hits you but does no damage. The bat completely misses you.
The bat hits you.
* * * LOW HITPOINT WARNING * * *
Casting: Pain (safe; 3% risk of failure)
Confirm with . or Enter, or press ? or * to list all spells.
Aiming: Pain (safe; 3% risk of failure)
Press: ? - help, Shift-Dir - straight line, f - bat
Aim: a bat (chance to defeat MR: 85%)
The bat barely resists.
The bat completely misses you. The bat hits you.
You die...

#......g.b...K)
#..##########.# #..#
.... ######..# #####
#.......# #.#####.#
#.# #.# #.#####.#
#.b@....# #######.#
#######.# #.......#
##.#####.# .........#
##♣♣♣###
##.#####.#####....#..
#.....#....#..
#.#####....###


You could see a bat.

Vanquished Creatures
  A dart slug (D:1)
  A bat (D:1)
  A goblin (D:1)
  A hobgoblin (D:1)
  A kobold (D:1)
  2 rats (D:1)
7 creatures vanquished.

Notes
Turn   | Place    | Note
-------+----------+-------------------------------------------
     0 | D:1      | Lusmu the Felid Necromancer began the quest for the Orb.
     0 | D:1      | Reached XP level 1. HP: 7/7 MP: 4/4
   101 | D:1      | Learned a level 1 spell: Animate Skeleton
   382 | D:1      | Reached XP level 2. HP: 2/11 MP: 3/6
   404 | D:1      | Slain by a bat

Skill      XL: |  1 |
---------------+----+-----
Stealth        | 3 |  3.0
Fighting       | |  0.3
Dodging        | |  2.8
Unarmed Combat | |  0.3
Spellcasting   | |  2.0
Necromancy     | |  4.1

Action                   || total
-------------------------++-------
Melee: Unarmed           ||    20
       Bite              ||     1
 Cast: Animate Skeleton  ||     3
       Pain              ||     2
 Stab: Sleeping          ||     4
  Eat: Chunk             ||     2
Armor: Skin              ||     3
Dodge: Dodged            ||    22
